 Dungeon Sprint DCSS version 0.21.1-1-g345015f (webtiles) character file.

161 Psiloshibe the Carver (level 5, -12/75 HPs)
             Began as a Barachi Berserker on May 20, 2018.
             Was a Priest of Trog.
             Killed from afar by a deep elf mage (32 damage)
             ... with a bolt of magma
             ... in the Dungeon (Sprint III: "The Ten Rune Challenge").
             The game lasted 00:01:24 (391 turns).

Psiloshibe the Carver (Barachi Berserker)            Turns: 391, Time: 00:01:25

Health: -12/75     AC:  2    Str: 23    XL:     5   Next: 42%
Magic:  5/5        EV: 14    Int:  8    God:    Trog [***...]
Gold:   24         SH:  0    Dex: 12    Spells: 4/4 levels left

rFire    . . .     SeeInvis .   a - +0 falchion
rCold    . . .     Gourm    .   (no shield)
rNeg     . . .     Faith    .   b - +0 animal skin
rPois    .         Spirit   .   (no helmet)
rElec    .         Reflect  .   (no cloak)
rCorr    .         Harm     .   (no gloves)
MR       ++...     NoTele   +   (no boots)
Stlth    ..........             (no amulet)
HPRegen  1.22/turn              (no ring)
MPRegen  0.09/turn              (no ring)

@: berserking, regenerating, quick
A: +LOS, swims, slowness 1, strong legs 1
a: Hop, Berserk, Trog's Hand, Burn Spellbooks, Renounce Religion


You were in the Dungeon.
You worshipped Trog.
Trog was most pleased with you.
You were very hungry.

You visited 1 branch You collected 24 gold pieces.

Inventory:

Hand Weapons
 a - a +0 falchion (weapon)
Armour
 b - a +0 animal skin (worn)
Scrolls
 i - a scroll of blinking
 k - a scroll of holy word {unknown}
 l - 3 scrolls of identify {unknown}
 m - 4 scrolls of remove curse
 n - a scroll of torment {unknown}
Potions
 d - 2 potions of curing
 e - a potion of heal wounds
 f - a potion of haste
 g - 2 potions of magic
 h - a potion of berserk rage
 o - 2 potions of degeneration {unknown}
Comestibles
 c - 4 rations


   Skills:
 + Level 8.3 Fighting
 + Level 8.9 Long Blades
 + Level 4.6 Armour
 + Level 4.6 Dodging


You had 4 spell levels left.
You didn't know any spells.

Dungeon Overview and Level Annotations

Branches:
Dungeon (1/1)

Altars:
Elyvilon
Zin
The Shining One


Innate Abilities, Weirdness & Mutations

Shadows flee at your approach. (+LOS)
You can swim through water.
You cover ground slowly.
You can hop short distances.


Message History

HP restored.
Your skin crawls.
You feel resistant to hostile enchantments.
You feel somewhat more hungry.
You open the door.
A deep elf mage comes into view.
It is wielding a long sword of holy wrath.
The deep elf mage shouts!
The deep elf mage picks up 2 potions of heal wounds.
Found three altars.
The deep elf mage gestures at you while chanting.
The bolt of magma hits you!
Ouch! That really hurt!
* * * LOW HITPOINT WARNING * * *
There is an open door here.
A red film seems to cover your vision as you go berserk!
You feel yourself moving faster!
You feel mighty!
You are feeling very hungry.
The deep elf mage points at you and mumbles some strange words.
The bolt of magma hits you!
You die...

▓▓▓▓▓▓▓▓ ▓▓▓ .'...♣.♣♣
♣.##### .#......♣ ♣.#___#
##....♣♣♣ ♣.#.e.#
.#....≈.♣♣♣♣.###@#+###+##
.#...≈≈...♣♣.#..........#
.#†.≈≈≈≈♣♣♣..'.⌠........#
[#..≈≈≈≈≈≈...#...######+#
.#.≈≈≈≈≈≈....#.⌠.#
.#.≈≈≈≈≈.....#...#
.#.≈≈≈.......#+###
##...........#
.............#


You could see a deep elf mage.

Vanquished Creatures
  A water elemental (D)
  A scorpion (D)
  Jessica (D)
  A human (D)
  2 oozes (D)
  A rat (D)
7 creatures vanquished.

Vanquished Creatures (others)
  2 draconian scorchers (D)
  6 hellions (D)
  2 yaktaurs (D)
10 creatures vanquished.

Grand Total: 17 creatures vanquished

Notes
Turn   | Place    | Note
-------+----------+-------------------------------------------
     0 | D        | Psiloshibe the Barachi Berserker began the quest for the Orb.
     0 | D        | Reached XP level 1. HP: 18/18 MP: 1/1
     9 | D        | Reached XP level 2. HP: 21/26 MP: 2/2
    14 | D        | Noticed Jessica
    22 | D        | Killed Jessica
    22 | D        | Reached ** piety under Trog
    22 | D        | Reached skill level 5 in Fighting
    22 | D        | Reached XP level 3. HP: 20/34 MP: 3/3
    66 | D        | Killed a hellion
    67 | D        | Killed a hellion
    67 | D        | Killed a hellion
    79 | D        | Killed a hellion
   124 | D        | Killed a hellion
   128 | D        | Noticed a scorpion
   141 | D        | Killed a scorpion
   141 | D        | Reached *** piety under Trog
   141 | D        | Reached XP level 4. HP: 20/43 MP: 4/4
   143 | D        | Killed a white draconian scorcher
   157 | D        | Killed a hellion
   165 | D        | Killed a white draconian scorcher
   174 | D        | Killed a yaktaur
   196 | D        | Killed a yaktaur
   240 | D        | Noticed a water elemental
   248 | D        | Killed a water elemental
   248 | D        | Reached XP level 5. HP: 22/50 MP: 5/5
   389 | D        | Found a glowing silver altar of Zin.
   389 | D        | Found a glowing golden altar of the Shining One.
   389 | D        | Found a white marble altar of Elyvilon.
   389 | D        | Noticed a deep elf mage
   391 | D        | Killed from afar by a deep elf mage

Skill      XL: |  1  2  3  4 |
---------------+-------------+-----
Fighting       | 4 5 7 8 |  8.3
Long Blades    | 4 6 7 8 |  8.9
Armour         | 3 4 |  4.6
Dodging        | 3 4 |  4.6

Action                   |  1- 3 |  4- 6 || total
-------------------------+-------+-------++-------
Melee: Falchion          |    28 |     7 ||    35
Invok: Berserk           |       |     2 ||     2
       Trog's Hand       |       |     2 ||     2
Armor: Animal skin       |     3 |       ||     3
Dodge: Dodged            |    13 |     1 ||    14
       Rpst.: Falchion   |     7 |       ||     7
